 Dungeon Crawl Stone Soup version 0.29-a0-270-g1586fc07ea (webtiles) character file.

Game seed: 3969641355332317656

407 kae the Chopper (level 6, -8/56 HPs)
             Began as a Minotaur Fighter on Mar 7, 2022.
             Killed by nerve-wracking pain
             ... invoked by an orc priest
              (12 damage)
             ... on level 4 of the Dungeon.
             The game lasted 00:01:29 (2686 turns).

kae the Chopper (Minotaur Fighter)                  Turns: 2686, Time: 00:01:30

Health: -8/56      AC:  9    Str: 22    XL:     6   Next: 57%
Magic:  5/5        EV:  9    Int:  5    God:
Gold:   230        SH: 10    Dex: 10    Spells: 5/5 levels left

rFire   . . .      SeeInvis .   a - +0 war axe
rCold   . . .      Faith    .   c - +0 buckler
rNeg    . . .      Spirit   .   b - +0 scale mail
rPois   .          Reflect  +   i - +2 hat
rElec   .          Harm     .   (no cloak)
rCorr   .          Rampage  .   (no gloves)
Will    .....                   (no boots)
Stlth   ..........              o - amulet of reflection
HPRegen 0.18/turn               (no ring)
MPRegen 0.09/turn               (no ring)

@: no status effects
A: horns 2, retaliatory headbutt
a: no special abilities


You were on level 4 of the Dungeon.
You visited 1 branch of the dungeon, and saw 4 of its levels.

You collected 230 gold pieces.

Inventory:

Hand Weapons
 a - a +0 war axe (weapon)
Armour
 b - a +0 scale mail (worn)
 c - a +0 buckler (worn)
 i - a +2 hat (worn)
Jewellery
 o - an amulet of reflection (around neck)
Scrolls
 f - a scroll of teleportation
Potions
 d - a potion of might
 e - a potion of attraction
 g - a potion of berserk rage
 h - a potion of curing
 j - a potion of mutation {unknown}
 k - a potion of ambrosia {unknown}
 n - a potion of resistance {unknown}


   Skills:
 + Level 5.1 Fighting
 * Level 5.7 Axes
 + Level 5.1 Armour
 + Level 5.1 Shields


You had 5 spell levels left.
You didn't know any spells.
Your spell library was empty.

Dungeon Overview and Level Annotations

Branches:
Dungeon (4/15)
 Temple: D:4-7

Altars:
Kikubaaqudgha
Yredelemnul

Annotations:
D:3 3 runed translucent doors, BigAl's ghost, amateur HuGl; Grinfader's ghost, amateur BaHu; gilleain's ghost, weakling HuCj; manifold's ghost, amateur PaTm


Innate Abilities, Weirdness & Mutations

You have a pair of horns on your head.
You reflexively headbutt those who attack you in melee.


Message History

You are too injured to fight recklessly!
The orc priest barely misses you. You furiously retaliate!
You headbutt the orc priest, but do no damage.
Things that are here:
a +0 short sword; a +0 leather armour; an orc corpse You are too injured to fight recklessly!
You are too injured to fight recklessly!
You barely miss the orc priest. The orc priest barely misses you.
The orc priest hits you but does no damage.
You barely miss the orc priest.
The orc priest invokes the aid of Beogh against you.
Beogh smites you!
You slash the orc priest!
The orc priest is severely wounded.
You block the orc priest's attack.
You hit the orc priest.
The orc priest is almost dead.
You block the orc priest's attack.
You closely miss the orc priest.
The orc priest is almost dead.
The orc priest casts a cantrip, but nothing happens.
The orc priest calls upon Beogh to heal the orc priest.
The orc priest is healed somewhat.
The orc priest hits you with a +0 club.
You hit the orc priest.
The orc priest is severely wounded.
You block the orc priest's attack.
You hit the orc priest.
The orc priest is almost dead.
The orc priest hits you with a +0 club.
You barely miss the orc priest.
The orc priest is almost dead.
The orc priest mumbles some strange prayers to Beogh against you.
Beogh smites you!
* * * LOW HITPOINT WARNING * * *
The orc priest hits you but does no damage.
You hit the orc priest.
You kill the orc priest!
The orc priest mumbles some strange prayers to Beogh against you.
Pain shoots through your body!
You die...

#.##.####.####
#.##....#.# #
#.#####.#.# # #.# #.#.#
# #.# #.#.#### #.#
#.#..... #
#)#####.#.####
.##.#.#####.............
.....o)@...#......#.####
###.#.####..#######.# #
#.## #.# #.# #)# #.# #<#
#.# #.# #.# #.## .#.
#..# ##.#


You could see an orc priest.

Vanquished Creatures
  A necrophage (D:4)
  An orc priest (D:4)
  Terence (D:3)
  An orc wizard (D:4)
  5 adders
  3 worms (D:2)
  A dart slug (D:1)
  8 orcs
  9 ball pythons
  3 endoplasms
  4 giant cockroaches
  5 hobgoblins
  4 jackals (D:1)
  3 quokkas
  6 bats
  A frilled lizard (D:3)
  6 goblins
  10 kobolds
  A rat (D:1)
73 creatures vanquished.

Vanquished Creatures (collateral kills)
  Sigmund (D:2)
  A bat (D:1)
2 creatures vanquished.

Grand Total: 75 creatures vanquished

Notes
Turn   | Place    | Note
-------+----------+-------------------------------------------
     0 | D:1      | kae the Minotaur Fighter began the quest for the Orb.
     0 | D:1      | Reached XP level 1. HP: 19/19 MP: 0/0
     2 | D:1      | Noticed a ghoul
     2 | D:1      | Noticed an ogre
     4 | D:1      | Noticed a felid
     4 | D:1      | Noticed a dwarf
     7 | D:1      | Noticed a naga
     9 | D:1      | Noticed a troll
     9 | D:1      | Noticed a merfolk
    11 | D:1      | Noticed a demigod
    13 | D:1      | Noticed a vine stalker
    15 | D:1      | Noticed a human
    15 | D:1      | Noticed an octopode
    17 | D:1      | Noticed an elf
    17 | D:1      | Noticed a minotaur
    19 | D:1      | Noticed a demonspawn
    19 | D:1      | Noticed a tengu
    22 | D:1      | Noticed a draconian
    24 | D:1      | Noticed a vampire
    24 | D:1      | Noticed a formicid
    26 | D:1      | Noticed a gargoyle
    28 | D:1      | Noticed a spriggan
    43 | D:1      | Reached XP level 2. HP: 15/27 MP: 1/1
   381 | D:1      | Reached XP level 3. HP: 33/33 MP: 2/2
   639 | D:2      | Found a basalt altar of Yredelemnul.
   947 | D:2      | Noticed Sigmund
  1303 | D:2      | Killed Sigmund
  1304 | D:2      | Reached XP level 4. HP: 32/41 MP: 3/3
  1304 | D:2      | Reached XP level 5. HP: 37/47 MP: 4/4
  1647 | D:2      | Found a faded altar of an unknown god.
  1726 | D:3      | Found a runed translucent gate.
  1726 | D:3      | Found a runed translucent gate.
  1726 | D:3      | Found a runed translucent gate.
  1729 | D:3      | Noticed BigAl's ghost (amateur HuGl)
  1729 | D:3      | Noticed manifold's ghost (amateur PaTm)
  1730 | D:3      | Noticed Grinfader's ghost (amateur BaHu)
  1730 | D:3      | Noticed gilleain's ghost (weakling HuCj)
  1758 | D:3      | Reached skill level 5 in Axes
  1979 | D:3      | Found an ancient bone altar of Kikubaaqudgha.
  1981 | D:3      | Noticed Terence
  1986 | D:3      | Killed Terence
  1987 | D:3      | Reached XP level 6. HP: 48/55 MP: 5/5
  2512 | D:4      | Reached skill level 5 in Shields
  2517 | D:4      | Reached skill level 5 in Fighting
  2627 | D:4      | Reached skill level 5 in Armour
  2686 | D:4      | Killed from afar by an orc priest

Illustrated notes

Levels and vault maps discovered:
D:1:      kb_arrival_jail, layout_rooms, serial_glass, glass_columns_a,
          glass_columns_a, minmay_strange_pillars, item_on_display_a
D:2:      layout_basic, basic_altar, hellmonk_ecumenical_altar_heavens_door,
          uniq_sigmund
D:3:      minmay_diamond_boxcup, layout_basic, old_standard_altar,
          gammafunk_ghost_cemetery, uniq_terence
D:4:      layout_loops_ring, minmay_temple_entry_from_below_a, uniq_natasha

Skill      XL: |  1  2  3  4  5  6 |
---------------+-------------------+-----
Axes           | 3 4 5 |  5.7
Fighting       | 4 5 |  5.1
Shields        | 4 5 |  5.1
Armour         | 4 5 |  5.1

Action                   |  1- 3 |  4- 6 || total
-------------------------+-------+-------++-------
Melee: War axe           |    56 |    93 ||   149
       Headbutt          |    10 |    13 ||    23
  Use: Scroll            |     5 |     4 ||     9
Armor: Scale mail        |    43 |    31 ||    74
Dodge: Dodged            |    43 |    25 ||    68
Block: Buckler           |    23 |    25 ||    48

Table legend: (Time is in decaauts)
 A = Elapsed time spent in this place.
 B = Non-inter-level travel time spent in this place.
 C = Inter-level travel time spent in this place.
 D = Time resting spent in this place.
 E = Time spent auto-exploring this place.
 F = Levels seen in this place.
 G = Mean time per level.
                   A        B        C        D        E       F      G
               +--------+--------+--------+--------+--------+-----+--------+
         Total |   2734 |   2688 |     46 |    321 |   1913 |   4 |  683.5 |
       Dungeon |   2734 |   2688 |     46 |    321 |   1913 |   4 |  683.5 |
               +--------+--------+--------+--------+--------+-----+--------+

Top non-repeatable levels by time:
     D:1: 970 daAuts
     D:3: 803 daAuts
     D:2: 724 daAuts
     D:4: 235 daAuts
